 Dungeon Crawl Stone Soup version 0.19.1-1-g22dce08 (webtiles) character file.

51512 Joat the Fighter (level 14, 0/132 HPs)
             Began as a Grey Draconian Wanderer on Nov 9, 2016.
             Was a High Priest of Ashenzari.
             Killed from afar by Azrael (23 damage)
             ... with damnation
             ... on level 12 of the Dungeon on Jan 2, 2017.
             The game lasted 02:48:30 (23698 turns).

Joat the Fighter (Grey Draconian Wanderer)         Turns: 23698, Time: 02:48:31

Health: 0/132      AC: 18    Str: 16    XL:     14   Next: 23%
Magic:  14/14      EV: 21    Int: 16    God:    Ashenzari [*****.]
Gold:   1009       SH:  0    Dex: 16    Spells: 1 memorised, 10 levels left

rFire  . . .     SeeInvis +     z - +8 dagger of Annoyance {speed, rC+ MR- SInv} (curse)
rCold  + . .     Gourm    .     (armour unavailable)
rNeg   + . .     Faith    .     Y - +2 buckler (curse)
rPois  +         Spirit   .     (helmet restricted)
rElec  .         Reflect  .     g - +1 cloak (curse)
rCorr  .         Harm     .     H - +2 pair of gloves {Dex+3} (curse)
MR     .....     Clarity  +     (no boots)
Stlth  ++........               W - amulet of the Slug {Regen+ Str+2} (curse)
                                R - ring of positive energy
                                F - ring of poison resistance

@: confused, very slightly contaminated
A: walk through water, unfitting armour, unbreathing, cold-blooded, AC +13
a: Curse Item, Scrying, Transfer Knowledge, Renounce Religion


You were on level 12 of the Dungeon.
You worshipped Ashenzari.
Ashenzari was extremely pleased with you.
You were hungry.

You visited 4 branches of the dungeon, and saw 19 of its levels.
You also visited: Labyrinth.

You collected 1802 gold pieces.
You spent 793 gold pieces at shops.

Inventory:

Hand Weapons
 z - the cursed +8 dagger of Annoyance (weapon) {speed, rC+ MR- SInv}
   (You found it on level 4 of the Dungeon)

   Attacks with this weapon are significantly faster.
   It protects you from cold.
   It affects your resistance to hostile enchantments.
   It lets you see invisible.
   It has a curse placed upon it.
Missiles
 v - 6 javelins of returning (quivered)
 S - 8 javelins
Armour
 b - a +0 large shield
 g - a cursed +1 cloak (worn)
 H - a cursed +2 pair of gloves of dexterity (worn)
 Y - a cursed +2 buckler (worn)
Jewellery
 p - an uncursed ring of protection from cold
 F - a ring of poison resistance (left hand)
 R - a ring of positive energy (right hand)
 W - the cursed amulet of the Slug (around neck) {Regen+ Str+2}
   (You found it on level 2 of the Lair of Beasts)

   [amulet of regeneration]

   It affects your strength (+2).
   It increases your rate of regeneration.
   It has a curse placed upon it.
Wands
 x - a wand of teleportation (6/9)
 A - a wand of digging (9/24)
 C - a wand of heal wounds (6/9)
Scrolls
 d - 10 scrolls of teleportation
 e - 2 scrolls of fog
 h - a scroll of enchant weapon
 n - a scroll of fear
 o - a scroll of blinking
 s - a scroll of amnesia
 t - a scroll of recharging
 u - 4 scrolls of magic mapping
 K - 2 scrolls of remove curse
Potions
 c - a potion of lignification
 k - 3 potions of haste
 l - a potion of invisibility
 q - a potion of agility
 r - 13 potions of curing
 w - 2 potions of mutation
 B - 2 potions of might
 E - a potion of berserk rage
 J - a potion of flight
 M - 3 potions of resistance
 Q - a potion of brilliance
Books
 y - a book of the Earth

   Spells                             Type                      Level
   a - Leda's Liquefaction            Hexes/Earth                  4
   b - Bolt of Magma                  Conjuration/Fire/Earth       5
   c - Statue Form                    Transmutation/Earth          6
   d - Iron Shot                      Conjuration/Earth            6
   e - Shatter                        Earth                        9
 D - a book of Misfortune

   Spells                             Type                      Level
   a - Confusing Touch                Hexes                        1
   b - Confuse                        Hexes                        3
   c - Gell's Gravitas                Hexes/Translocation          3
   d - Petrify                        Transmutation/Earth          4
   e - Metabolic Englaciation         Hexes/Ice                    5
   f - Yara's Violent Unravelling     Hexes/Transmutation          5
 X - a book of Power

   Spells                             Type                      Level
   a - Fulminant Prism                Conjuration/Hexes            4
   b - Iskenderun's Mystic Blast      Conjuration                  4
   c - Venom Bolt                     Conjuration/Poison           5
   d - Bolt of Magma                  Conjuration/Fire/Earth       5
   e - Iron Shot                      Conjuration/Earth            6
   f - Orb of Destruction             Conjuration                  7
   g - Spellforged Servitor           Conjuration/Summoning        7
Miscellaneous
 m - a disc of storms
 Z - a phantom mirror
Comestibles
 f - 9 bread rations
 i - 8 slices of pizza
 j - 3 meat rations
 G - 5 beef jerkies
 I - 8 chunks of flesh
 T - 3 fruits
 U - 26 royal jellies


   Skills:
 * Level 14.3 Fighting
 + Level 10.2(14.0) Short Blades
   Level 1.6 Polearms
   Level 1.0 Crossbows
 * Level 12.2 Dodging
 + Level 11.5 Stealth
 - Level 6.6(9.4) Shields
 - Level 3.0 Unarmed Combat
 - Level 1.6 Hexes


You had 10 spell levels left.
You knew the following spells:

 Your Spells              Type           Power        Failure   Level  Hunger
a - Confuse               Hex            #.......     38%         3    ####...


Dungeon Overview and Level Annotations

Branches:
Dungeon (12/15)            Temple (1/1) D:7            Lair (4/6) D:8
  Swamp (0/4) Lair:3        Snake (0/4) Lair:3          Orc (2/2) D:11
    Elf (0/3) Orc:2

Altars:
Ashenzari
Cheibriados
Dithmenos
Elyvilon
Fedhas
Gozag
Hepliaklqana
Kikubaaqudgha
Makhleb
Nemelex Xobeh
Okawaru
Qazlal
Ru
Sif Muna
Trog
Uskayaw
Vehumet
Xom
Yredelemnul
Zin
The Shining One

Shops:
D:5 [   D:7 **   D:9 =   D:10 }}[   Orc:2 !*(!

Annotations:
D:12 Azrael
Lair:3 exclusions: electric eel and 6 more exclusions
Lair:4 death yaks mofos!


Innate Abilities, Weirdness & Mutations

You can walk through water.
Your dull iron-grey scales are very hard. (AC +13)
You cannot fit into any form of body armour.
You can survive without breathing.
You are cold-blooded and may be slowed by cold attacks.


Message History

You hit Azrael.
Azrael is severely wounded.
You hit Azrael.
Azrael is severely wounded.
Azrael gestures at you.
The sphere of damnation explodes!
The damnation engulfs you!
* * * LOW HITPOINT WARNING * * *
The damnation engulfs Azrael.
Azrael completely resists.
Blink to where?
Press: ? - help, Dir - move target cursor, p - Azrael You are very lightly contaminated with residual magic.
As you read the scroll of blinking, it crumbles to dust.
Found 14 gold pieces.
It was a potion of magic.
Magic courses through your body.
You are confused.
You feel invigorated.
You bump into the rock wall.
Azrael gestures at you.
The sphere of damnation explodes!
The damnation engulfs you!
You die...

* * ,, , ### * *,
,, #.# , #.# ,
.#### *, * ..#.#
*.. , ...## .$..,
..#.###
########...., *
...##[## ####
#@##..#.....,,,**
.......##...#
##.#........, ,*
....#..#...#*
#....#....#**,..#
.####...# **
##.......# ... ##
#...#
#......######... #
##...#
##R..............
##....#
#ยง..............#
##.....#
#..########......
##......# ##{##
#......


You could see Azrael.

Vanquished Creatures
  An orc warlord (Orc:1)
  A stone giant (Orc:2)
  Snorg (Orc:1)
  A minotaur (Lab)
  2 ogre magi
  Erolcha (Orc:1)
  The ghost of Frank the Basher, a journeyman FoFi of Okawaru (D:11)
  5 hydras
  A death yak (Lair:4)
  2 orc high priests (Orc:1)
  Sonja (D:10)
  An unseen horror (D:10)
  2 deep trolls (Orc:2)
  5 hill giants
  3 orc knights
  An orc sorcerer (Orc:1)
  A manticore (D:11)
  An ugly thing (D:10)
  3 cyclopes
  4 spiny frogs
  A rime drake (Lair:3)
  3 komodo dragons
  5 polar bears
  A queen bee (Lair:2)
  3 hornets
  14 trolls
  13 two-headed ogres
  3 blink frogs (Lair:3)
  4 hippogriffs
  A vampire (D:12)
  A wyvern (D:11)
  2 water elementals (D:11)
  The ghost of Joat the Skirmisher, an amateur DrMo of Qazlal (D:3)
  A basilisk (Lair:3)
  12 yaks
  2 fire elementals (D:12)
  A wraith (D:10)
  A steam dragon (Lair:2)
  A hungry ghost (D:8)
  2 soldier ants
  2 wargs
  6 porcupines
  5 hell hounds
  10 water moccasins
  24 orc warriors
  8 ice beasts
  2 black bears (Lair:3)
  A necrophage (D:8)
  5 phantoms
  15 centaurs
  38 ogres
  5 wolves (Lair:3)
  6 crocodiles
  2 big kobolds
  17 bullfrogs
  3 scorpions
  29 killer bees
  8 wights
  6 electric eels (D:11)
  2 bullfrog zombies
  3 crimson imps
  3 centaur zombies
  4 jellies
  2 gnoll shamans
  19 orc priests
  A two-headed ogre zombie (Orc:1)
  7 hounds
  2 centaur skeletons
  3 bullfrog skeletons
  16 orc wizards
  8 worker ants
  A hound zombie (D:7)
  A hound skeleton (D:5)
  A howler monkey zombie (D:5)
  A worker ant zombie (D:9)
  16 gnolls
  8 adders
  3 shadow imps
  An ooze (D:5)
  3 worms (D:2)
  A dart slug (D:4)
  4 leopard geckos
  50 orcs
  5 giant cockroaches
  9 hobgoblins
  6 iguanas
  12 kobolds
  6 quokkas
  3 ball pythons
  12 bats
  3 frilled lizards
  4 goblins
  A jackal skeleton (D:6)
  A jackal zombie (D:6)
  A leopard gecko zombie (D:5)
  A quokka zombie (D:5)
  7 rats
533 creatures vanquished.

Vanquished Creatures (others)
  A kobold demonologist (D:11)
  A wight (D:11)
  A bush (Lair:3)
  8 fungi
  18 plants
29 creatures vanquished.

Grand Total: 562 creatures vanquished

Notes
Turn   | Place    | Note
-------+----------+-------------------------------------------
     0 | D:1      | Joat the Draconian Wanderer began the quest for the Orb.
     0 | D:1      | Joat set off with: a +2 dagger, a potion of heal wounds, a potion of lignification, a scroll of teleportation, a bread ration
     0 | D:1      | Reached XP level 1. HP: 17/17 MP: 1/1
   231 | D:1      | Reached XP level 2. HP: 21/25 MP: 2/2
   677 | D:2      | Reached skill level 3 in Fighting
   706 | D:2      | Reached XP level 3. HP: 31/31 MP: 3/3
   978 | D:2      | Reached skill level 1 in Polearms
  1124 | D:2      | Reached XP level 4. HP: 15/38 MP: 4/4
  1524 | D:3      | Noticed Joat's ghost (amateur DrMo)
  1976 | D:3      | Found a shattered altar of Ashenzari.
  1985 | D:3      | Became a worshipper of Ashenzari the Shackled
  2693 | D:3      | Found a faded altar of an unknown god.
  3199 | D:4      | Got the dagger of Annoyance {speed, rC+ MR- SInv}
  3200 | D:4      | Identified the +8 dagger of Annoyance {speed, rC+ MR- SInv} (You found it on level 4 of the Dungeon)
  3249 | D:4      | Reached XP level 5. HP: 25/46 MP: 5/5
  3251 | D:4      | Reached skill level 1 in Short Blades
  3254 | D:4      | Reached skill level 4 in Fighting
  4148 | D:4      | Found an ancient bone altar of Kikubaaqudgha.
  4308 | D:4      | Reached XP level 6. HP: 34/53 MP: 6/6
  5116 | D:5      | Entered Level 5 of the Dungeon
  5148 | D:5      | Found Cizoji Varee's Antique Armour Boutique.
  5151 | D:5      | Bought a pair of glowing gloves for 199 gold pieces
  5167 | D:5      | Noticed an ice beast
  5181 | D:5      | Killed an ice beast
  5181 | D:5      | Your scales start taking on a dull iron-grey colour.
  5181 | D:5      | Reached XP level 7. HP: 52/60 MP: 7/7
  5181 | D:5      | Gained mutation: You can survive without breathing. [Grey Draconian growth]
  5222 | D:5      | Reached skill level 5 in Fighting
  5629 | D:5      | Reached XP level 8. HP: 40/70 MP: 8/8
  5898 | D:5      | Found a shimmering altar of Xom.
  5906 | D:5      | Reached * piety under Ashenzari
  6158 | D:5      | Reached skill level 5 in Stealth
  6420 | D:6      | Reached skill level 6 in Fighting
  6468 | D:6      | Reached skill level 5 in Dodging
  6758 | D:6      | Reached skill level 5 in Short Blades
  7160 | D:6      | Reached XP level 9. HP: 64/78 MP: 9/9
  7271 | D:5      | Reached skill level 7 in Fighting
  7365 | D:3      | Killed Joat's ghost
  7374 | D:3      | Noticed an angel
  7375 | D:3      | Found a glowing silver altar of Zin.
  7655 | D:7      | Reached ** piety under Ashenzari
  7678 | D:7      | Found a staircase to the Ecumenical Temple.
  7713 | Temple   | Entered the Ecumenical Temple
  8213 | D:7      | Learned a level 3 spell: Confuse
  8275 | D:7      | Reached skill level 1 in Hexes
  8356 | D:7      | Found Ulyqifory's Assorted Antiques.
  8403 | D:7      | Found Acucu's Elemental Accessories.
  8460 | D:7      | Bought a scroll labeled RAUHOXUYTE for 26 gold pieces
  8460 | D:7      | Bought a scroll labeled XOJIGH BYGRAMECO for 26 gold pieces
  8460 | D:7      | Bought a scroll labeled VIULOG UNICOTZ for 26 gold pieces
  8460 | D:7      | Bought a scroll of teleportation for 78 gold pieces
  8460 | D:7      | Bought a scroll of teleportation for 78 gold pieces
  8864 | D:8      | Found a staircase to the Lair.
  8936 | D:8      | Found a radiant altar of Vehumet.
  9058 | D:8      | Reached skill level 8 in Fighting
  9521 | D:9      | Reached *** piety under Ashenzari
  9779 | D:9      | Found Daicanape's Jewellery Shoppe.
  9799 | D:9      | Found a hide-covered altar of Uskayaw.
  9875 | D:9      | Reached XP level 10. HP: 83/89 MP: 10/10
 10632 | D:9      | Identified the cursed +1 war axe of Change {freeze, +Fly rPois rC+++ Dex-2}
 10811 | D:9      | Identified the +6 falchion of Imofuc {venom, rElec}
 10952 | D:9      | Reached skill level 9 in Fighting
 11062 | D:10     | Entered Level 10 of the Dungeon
 11104 | D:10     | Noticed an unseen horror
 11152 | Lair:1   | Entered Level 1 of the Lair of Beasts
 11241 | Lair:1   | Found a dark tunnel.
 11310 | Lair:1   | Noticed a five-headed hydra
 11422 | Lair:2   | Identified the +5 falchion of Severance {flame, Int+3 Stlth+}
 11443 | Lair:2   | Reached skill level 1 in Shields
 11451 | Lair:2   | Reached **** piety under Ashenzari
 11773 | Lair:2   | Noticed a four-headed hydra
 11774 | Lair:2   | Noticed a spiny frog
 11845 | Lair:1   | Killed a spiny frog
 11845 | Lair:1   | Reached skill level 5 in Shields
 11950 | Lair:1   | Noticed a four-headed hydra
 12040 | Lair:2   | Killed a four-headed hydra
 12040 | Lair:2   | Reached XP level 11. HP: 42/97 MP: 7/11
 12081 | Lair:2   | Killed a four-headed hydra
 12372 | Lair:1   | Killed a five-headed hydra
 12726 | Lair:1   | Noticed a five-headed hydra
 12733 | Lair:1   | Killed a five-headed hydra
 13342 | Lair:2   | Reached skill level 10 in Fighting
 13615 | Lair:2   | Identified the amulet of the Slug {Regen+ Str+2}
 13854 | Lair:3   | Found a staircase to the Swamp.
 13943 | Lair:3   | Reached ***** piety under Ashenzari
 14319 | Lair:3   | Found a staircase to the Snake Pit.
 14450 | Lair:3   | Noticed a seven-headed hydra
 14473 | Lair:3   | Killed a seven-headed hydra
 14628 | Lair:3   | Reached XP level 12. HP: 89/108 MP: 12/12
 15091 | Lair:3   | Reached skill level 11 in Fighting
 15712 | Lair:4   | Reached skill level 10 in Stealth
 15774 | Lair:4   | Noticed a death yak
 15831 | Lair:4   | Killed a death yak
 16254 | Lair:4   | Noticed a death yak
 16265 | Lair:4   | Noticed a death yak
 16565 | D:10     | Reached skill level 10 in Dodging
 16734 | D:10     | Found Hipyjom's Antique Armour Emporium.
 16770 | D:10     | Found Murche Ynuwys's Gadget Boutique.
 16825 | D:10     | Reached skill level 12 in Fighting
 16867 | D:10     | Found Vofabon's Gadget Boutique.
 17007 | D:10     | Noticed Sonja
 17027 | D:10     | Killed Sonja
 17195 | D:10     | Identified the cursed +0 pair of gloves of Hedging {rC- Int+6 Slay+3}
 17241 | D:11     | Found a staircase to the Orcish Mines.
 17290 | D:11     | Noticed Frank's ghost (journeyman FoFi)
 17375 | D:11     | Found a labyrinth entrance.
 17407 | Lab      | Entered a labyrinth
 17804 | Lab      | Noticed a minotaur
 17811 | Lab      | Killed a minotaur
 17820 | Lab      | Identified the +8 battleaxe of Unreason {elec, rPois rF+ Str+3 Int+3} (You found it in a labyrinth)
 17898 | D:11     | Reached XP level 13. HP: 119/119 MP: 13/13
 18177 | D:11     | Killed Frank's ghost
 18955 | Orc:1    | Entered Level 1 of the Orcish Mines
 19552 | Orc:2    | Entered Level 2 of the Orcish Mines
 19649 | Orc:2    | Noticed a stone giant
 19720 | Orc:2    | Killed a stone giant
 19720 | Orc:2    | Reached skill level 13 in Fighting
 19817 | Orc:2    | Found Hema's Weapon Shop.
 20326 | Orc:2    | Found Cearch's Distillery.
 20331 | Orc:2    | Found Zapemp's Distillery.
 20335 | Orc:2    | Noticed Snorg
 20441 | Orc:1    | Killed Snorg
 20782 | Orc:2    | Paralysed by an ogre mage for 3 turns
 20862 | Orc:2    | Found Lysk's Assorted Antiques.
 21017 | Orc:2    | Noticed an orc warlord
 21582 | Orc:1    | Killed an orc warlord
 21804 | Orc:2    | Found a staircase to the Elven Halls.
 21969 | Orc:2    | Reached skill level 10 in Short Blades
 22089 | Orc:2    | Reached XP level 14. HP: 80/130 MP: 14/14
 22509 | Orc:1    | Reached skill level 14 in Fighting
 22839 | Orc:1    | Noticed Erolcha
 22884 | Orc:1    | Killed Erolcha
 23142 | Orc:2    | Bought a potion of heal wounds for 60 gold pieces
 23142 | Orc:2    | Bought a potion of heal wounds for 60 gold pieces
 23155 | Orc:2    | Bought a potion of heal wounds for 60 gold pieces
 23155 | Orc:2    | Bought a potion of curing for 36 gold pieces
 23155 | Orc:2    | Bought a potion of curing for 36 gold pieces
 23161 | Orc:2    | Bought a potion of curing for 36 gold pieces
 23161 | Orc:2    | Bought a potion of curing for 36 gold pieces
 23161 | Orc:2    | Bought a potion of curing for 36 gold pieces
 23296 | D:11     | Upgraded the game from 0.19.0-11-g3fc08b3 to 0.19.1
 23296 | D:11     | Upgraded the game from 0.19.1 to 0.19.1-1-g22dce08
 23487 | D:12     | Identified a scroll of acquirement
 23616 | D:12     | Noticed Azrael
 23680 | D:12     | HP: 1/132 [Azrael/damnation (25)]
 23698 | D:12     | Killed from afar by Azrael

Skill      XL: |  1  2  3  4  5  6  7  8  9 10 11 12 13 14 |
---------------+-------------------------------------------+-----
Fighting       | 3 4 5 6 8 9 10 12 13 14 | 14.3
Dodging        | 2 3 4 5 6 7 9 10 11 12 | 12.2
Polearms       | 1 |  1.6
Short Blades   | 1 2 3 5 6 7 8 10 | 10.2
Stealth        | 3 4 6 7 8 9 10 11 | 11.5
Hexes          | 1 |  1.6
Shields        | 6 |  6.6
Crossbows      | |  1.0
Unarmed Combat | |  3.0

Action                   |  1- 3 |  4- 6 |  7- 9 | 10-12 | 13-15 || total
-------------------------+-------+-------+-------+-------+-------++-------
Melee: Dagger            |    73 |   136 |   471 |  1245 |  1482 ||  3407
       Spear             |    61 |    73 |       |       |       ||   134
       Tailslap          |     8 |    19 |    52 |   218 |   309 ||   606
       Punch             |       |     1 |    10 |     4 |       ||    15
Throw: Javelin           |       |    11 |       |     3 |       ||    14
 Cast: Confuse           |       |       |       |    14 |     5 ||    19
Invok: Curse Item        |       |     3 |     1 |     2 |       ||     6
Evoke: Wand              |       |       |       |       |     2 ||     2
  Use: Scroll            |       |       |    11 |    12 |    10 ||    33
       Potion            |       |       |       |     3 |     8 ||    11
 Stab: Sleeping          |     2 |     5 |    19 |    26 |    10 ||    62
       Distracted        |       |       |     1 |     3 |     1 ||     5
       Invisible         |       |       |       |     3 |       ||     3
       Confused          |       |       |       |     1 |       ||     1
       Betrayed ally     |       |       |       |       |     2 ||     2
  Eat: Chunk             |     1 |     7 |    14 |     9 |    20 ||    51
       Bread ration      |       |     1 |       |       |       ||     1
       Beef jerky        |       |       |     1 |       |       ||     1
       Meat ration       |       |       |       |     4 |       ||     4
Armor: Skin              |    27 |    39 |    80 |   164 |   148 ||   458
Dodge: Dodged            |    73 |    92 |   180 |   533 |   566 ||  1444
Block: Buckler           |       |       |       |   233 |   357 ||   590
